 Dungeon Crawl Stone Soup version 0.30-a0-996-ga6910c8ee8 (webtiles) character file.

Game seed: 6439744026377705034

123 Zeldest the Caller (level 5, -2/61 HPs)
             Began as a Meteoran Summoner on Apr 4, 2023.
             Slain by a bullfrog (4 damage)
             ... on level 4 of the Dungeon.
             The game lasted 00:09:23 (1422 turns).

Zeldest the Caller (Meteoran Summoner)              Turns: 1422, Time: 00:09:24

Health: -2/61      AC:  2    Str:  9    XL:     5   Next: 54%
Magic:  3/11       EV: 12    Int: 19    God:
Gold:   121        SH:  0    Dex: 14    Spells: 3/11 levels left

rFire   . . .      SeeInvis .    w - +3 trident (freeze)
rCold   . . .      Faith    .    (no shield)
rNeg    . . .      Spirit   .    a - +0 robe
rPois   +          Reflect  .    (no helmet)
rElec   .          Rampage  .    (no cloak)
rCorr   .                        (no gloves)
Will    .....                    (no boots) Stlth
                                 (no amulet)
HPRegen 0.30/turn                f - ring of wizardry
MPRegen 0.12/turn                r - ring of poison resistance

@: mighty, berserking, glowing, invisible (but backlit and visible), very quick
A: sense surroundings 1, otherworldly, glowing, explore regen
a: no special abilities


You were on level 4 of the Dungeon.
You visited 1 branch of the dungeon, and saw 4 of its levels.

You collected 121 gold pieces.

Inventory:

Hand Weapons
 v - a +2 dagger of electrocution
 w - a +3 trident of freezing (weapon)
Missiles
 k - 2 poisoned darts
Armour
 a - a +0 robe (worn)
 s - a +1 ring mail of cold resistance
Jewellery
 f - a ring of wizardry (left hand)
 h - a +5 ring of evasion
 r - a ring of poison resistance (right hand)
Wands
 u - a wand of digging (4)
Scrolls
 c - a scroll of butterflies {unknown}
 d - a scroll of brand weapon {unknown}
 e - a scroll of acquirement {unknown}
 i - a scroll of silence {unknown}
 l - 3 scrolls of identify {unknown}
 m - a scroll of amnesia {unknown}
 p - a scroll of noise {unknown}
 q - a scroll of magic mapping {unknown}
Potions
 b - a potion of magic
 g - 3 potions of might
 j - a potion of invisibility
 n - a potion of mutation {unknown}


   Skills:
 + Level 2.1 Fighting
 + Level 1.5 Polearms
 - Level 2.4 Dodging
 - Level 1.4 Stealth
 + Level 3.7 Spellcasting
 * Level 6.1 Summonings


You had 3 spell levels left.
You knew the following spells:

 Your Spells              Type           Power      Damage    Failure   Level
a - Call Canine Familiar  Summ           26%        N/A       1%          3
b - Summon Small Mammal   Summ           100%       N/A       1%          1
c - Summon Lightning Spi  Summ/Air       15%        N/A       16%         4

Your spell library contained the following spells:

 Spells                   Type           Power      Damage    Failure   Level
 Call Imp                 Summ           26%        N/A       1%          2
 Summon Guardian Golem    Hex/Summ       15%        N/A       4%          3


Dungeon Overview and Level Annotations

Branches:
Dungeon (4/15) Zot: 976
 Temple: D:4-7

Altars:
Ashenzari
Sif Muna
Vehumet
Xom
Zin

Annotations:
D:4 ytrimaz's ghost, amateur DgTm


Innate Abilities, Weirdness & Mutations

You passively map a small area around you.
You are easily found by Zot.
You glow in the dark.
You regain HP and MP as you explore.


Message History

The bullfrog attacks as you move away!
The bullfrog hits you but does no damage.
Ytrimaz's ghost attacks as you move away!
Ytrimaz's ghost closely misses you.
The bullfrog hits you but does no damage.
The bullfrog attacks as you move away! The bullfrog barely misses you.
You puncture the bullfrog!
The bullfrog seems to slow down.
You freeze the bullfrog.
The bullfrog is heavily wounded.
The bullfrog hits you. x2
* * * LOW HITPOINT WARNING * * *
You barely miss the bullfrog.
The bullfrog is heavily wounded.
The bullfrog hits you.
* * * LOW HITPOINT WARNING * * *
Okay, then.
Okay, then.
Okay, then.
It was a potion of might.
You feel very mighty all of a sudden.
The bullfrog is no longer moving slowly.
The bullfrog barely misses you.
Okay, then.
It was a potion of invisibility.
You become transparent, but the glow from your body prevents you from becoming completely invisible.
The bullfrog hits you.
* * * LOW HITPOINT WARNING * * *
It was a potion of berserk rage.
A red film seems to cover your vision as you go berserk!
You feel yourself moving faster!
You feel mighty! The bullfrog hits you.
* * * LOW HITPOINT WARNING * * *
The bullfrog closely misses you.
You closely miss the bullfrog.
The bullfrog is heavily wounded.
The bullfrog hits you.
* * * LOW HITPOINT WARNING * * *
You hit the bullfrog.
The bullfrog seems to slow down.
You freeze the bullfrog.
The bullfrog is severely wounded.
The bullfrog hits you.
You die...

........#...####~~~# *
####...........#~~~# ,
..[.#..........#~~~###
....#..........##'##.####
#...####..######.........
##'##.⌠#..### #.........
.....†.#....# #Wr.......*
* .......####.#
#F######.. *
......#.....# #@## * .
.._...+...#.####..## * *
......#...#...###..###
......####..#..##....# ,
, .......#....##.###...#
** ##+##.⌠...####.# #..##
** #.....#..####.####.##
*, ....#.....#..## #..#
** * #...#.......## ##.##
**


You could see a bullfrog (slow), ytrimaz's ghost and a quokka.

Vanquished Creatures
  A dart slug (D:4)
  An orc (D:3)
  A bat (D:2)
  An endoplasm (D:1)
  4 hobgoblins
  3 jackals (D:4)
  2 quokkas (D:2)
  A ball python (D:2)
  2 kobolds
16 creatures vanquished.

Vanquished Creatures (collateral kills)
  Jessica (D:3)
  2 adders (D:3)
  A river rat (D:4)
  10 orcs
  3 ball pythons
  4 bats
  2 endoplasms
  A jackal (D:4)
  2 frilled lizards
  4 goblins
  5 kobolds
  2 rats
37 creatures vanquished.

Grand Total: 53 creatures vanquished

Notes
Turn   | Place    | Note
-------+----------+-------------------------------------------
     0 | D:1      | Zeldest the Meteoran Summoner began the quest for the Orb.
     0 | D:1      | Reached XP level 1. HP: 14/14 MP: 5/5
   148 | D:1      | Reached skill level 5 in Summonings
   149 | D:1      | Reached XP level 2. HP: 16/22 MP: 6/6
   317 | D:2      | Found a faded altar of an unknown god.
   385 | D:2      | Reached skill level 1 in Fighting
   385 | D:2      | Reached XP level 3. HP: 24/28 MP: 5/8
   389 | D:2      | Learned a level 3 spell: Call Canine Familiar
   660 | D:3      | Reached XP level 4. HP: 28/35 MP: 4/9
   844 | D:3      | Noticed Jessica
   874 | D:3      | Killed Jessica
   875 | D:3      | Reached skill level 1 in Polearms
   887 | D:3      | Found a shimmering blue altar of Sif Muna.
  1062 | D:3      | Reached XP level 5. HP: 32/41 MP: 11/11
  1081 | D:4      | Learned a level 4 spell: Summon Lightning Spire
  1168 | D:4      | Reached skill level 6 in Summonings
  1198 | D:4      | Found a shimmering altar of Xom.
  1200 | D:4      | Found a glowing silver altar of Zin.
  1202 | D:4      | Found a radiant altar of Vehumet.
  1288 | D:4      | Found a broken altar of Ashenzari.
  1394 | D:4      | Found a runed translucent door.
  1398 | D:4      | Noticed ytrimaz's ghost (amateur DgTm)
  1398 | D:4      | Noticed a bullfrog
  1421 | D:4      | HP: 2/61 [bullfrog (2)]
  1422 | D:4      | Slain by a bullfrog

Illustrated notes

Levels and vault maps discovered:
D:1:      lemuel_arrival_room, layout_rooms
D:2:      layout_loops_cross, chequers_ecumenical_altar_simple,
          lexackson_kobold_supper
D:3:      layout_basic, tgw_sif, uniq_jessica
D:4:      layout_layer_cave, evilmike_ruin_ashenzari,
          grunt_temple_overflow_diamond, ebering_ghost_sewer_f

Skill      XL: |  1  2  3  4  5 |
---------------+----------------+-----
Summonings     | 5 6 |  6.1
Spellcasting   | 3 |  3.7
Fighting       | 1 2 |  2.1
Polearms       | 1 |  1.5
Dodging        | |  2.4
Stealth        | |  1.4

Action                     |  1- 3 |  4- 6 || total
---------------------------+-------+-------++-------
  Melee: Unarmed           |     6 |       ||     6
         Short sword       |    37 |       ||    37
         Mace              |     6 |    19 ||    25
         Punch             |       |     1 ||     1
         Trident           |       |    31 ||    31
   Cast: Summon Small Mamm |    19 |     7 ||    26
         Call Canine Famil |     8 |    13 ||    21
         Summon Lightning  |       |     2 ||     2
    Use: Potion            |       |     3 ||     3
 Armour: Robe              |    10 |    20 ||    30
  Dodge: Dodged            |    43 |    53 ||    96

Table legend: (Time is in decaauts)
 A = Elapsed time spent in this place.
 B = Non-inter-level travel time spent in this place.
 C = Inter-level travel time spent in this place.
 D = Time resting spent in this place.
 E = Time spent auto-exploring this place.
 F = Levels seen in this place.
 G = Mean time per level.
                   A        B        C        D        E       F      G
               +--------+--------+--------+--------+--------+-----+--------+
         Total |   1423 |   1354 |     69 |      0 |      0 |   4 |  355.8 |
       Dungeon |   1423 |   1354 |     69 |      0 |      0 |   4 |  355.8 |
               +--------+--------+--------+--------+--------+-----+--------+

Top non-repeatable levels by time:
     D:3: 479 daAuts
     D:4: 357 daAuts
     D:2: 315 daAuts
     D:1: 270 daAuts
